 Dungeon Sprint DCSS version 0.21.1-1-g345015f (webtiles) character file.

1400000 Fang the Executioner (level 13, -73/126 HPs)
             Began as a Minotaur Gladiator on May 16, 2018.
             Was a Follower of Makhleb.
             Annihilated by a meat berserker
             ... wielding a +9 battleaxe
              (86 damage)
             ... in the Dungeon (Sprint VIII: "Arena of Blood").
             The game lasted 00:00:16 (14 turns).

Fang the Executioner (Minotaur Gladiator)             Turns: 14, Time: 00:00:17

Health: -73/126    AC:  3    Str: 24    XL:     13   Next: 71%
Magic:  12/12      EV: 25    Int:  5    God:    Makhleb [*.....]
Gold:   0          SH:  0    Dex: 12    Spells: 12/12 levels left

rFire    . . .     SeeInvis .   l - +∞ Axe of Woe
rCold    . . .     Gourm    .   (shield currently unavailable)
rNeg     . . .     Faith    .   b - +0 leather armour
rPois    .         Spirit   .   c - +0 hat
rElec    .         Reflect  .   (no cloak)
rCorr    .         Harm     .   (no gloves)
MR       .....     NoTele   +   (no boots)
Stlth    +.........             (no amulet)
HPRegen  0.31/turn              (no ring)
MPRegen  0.13/turn              (no ring)

@: no status effects
A: retaliatory headbutt, horns 2
a: Renounce Religion


You were in the Dungeon.
You worshipped Makhleb.
Makhleb was aware of your devotion.
You were not hungry.

You visited 1 branch

Inventory:

Hand Weapons
 a - a +0 war axe
 l - the +∞ Axe of Woe (weapon)
   (You found it in the Dungeon)
Missiles
 d - 3 throwing nets (quivered)
Armour
 b - a +0 leather armour (worn)
 c - a +0 hat (worn)
Scrolls
 k - a scroll of blinking
Potions
 e - a potion of curing
 g - a potion of heal wounds
 h - a potion of haste
 i - 2 potions of magic
 j - a potion of berserk rage
Comestibles
 f - a ration


   Skills:
 + Level 15.0 Fighting
 + Level 25.6 Axes
 + Level 12.9 Throwing
 + Level 4.5 Armour
 + Level 22.7 Dodging


You had 12 spell levels left.
You didn't know any spells.

Dungeon Overview and Level Annotations

Branches:
Dungeon (1/1)

Altars:
Makhleb


Innate Abilities, Weirdness & Mutations

You reflexively headbutt those who attack you in melee.
You have a pair of horns on your head.


Message History

Makhleb accepts your kill.
You can now gain health from killing.
Your Fighting skill gained 3 levels and is now at level 15!
Your Axes skill gained 5 levels and is now at level 25!
Your Throwing skill gained 2 levels and is now at level 12!
Your Armour skill increases to level 4!
Your Dodging skill gained 4 levels and is now at level 22!
You have reached level 12!
Your experience leads to an increase in your attributes!
Increase (S)trength, (I)ntelligence, or (D)exterity?
You feel stronger. x2
You have reached level 13!
You hear a shout! x6
The meat berserker appears out of thin air!
A meat berserker comes into view. It is wielding a +9 battleaxe.
The meat berserker appears out of thin air!
A meat berserker comes into view. It is wielding a +9 battleaxe.
You hear a shout! x10
The meat berserker hits you with a +9 battleaxe!!!!
Ouch! That really hurt!
You die...

..... .. #...
.# o #... ..#
.O###... ..###.
......###......
..O.._......
#.o...# #_@O._#
#.oo..#
.O..._......
.....o###......
.o###... ..###.
. #... ..# #...
.# o.... .O


You could see 4 meat berserkers and 7 bags of meat.

Vanquished Creatures
  An ogre (D)
  An orc (D)
2 creatures vanquished.

Notes
Turn   | Place    | Note
-------+----------+-------------------------------------------
     0 | D        | Found the +∞ Axe of Woe
     0 | D        | Fang the Minotaur Gladiator began the quest for the Orb.
     0 | D        | Reached XP level 1. HP: 18/18 MP: 0/0
     4 | D        | Became a worshipper of Makhleb the Destroyer
     6 | D        | Noticed a bag of meat
     9 | D        | Noticed a bag of meat
     9 | D        | Noticed a meat berserker
    10 | D        | Noticed a bag of meat
    10 | D        | Noticed a bag of meat
    11 | D        | Noticed a bag of meat
    11 | D        | Noticed a bag of meat
    12 | D        | Noticed a meat berserker
    12 | D        | Noticed a bag of meat
    12 | D        | Noticed a meat berserker
    13 | D        | Noticed a bag of meat
    14 | D        | Killed a bag of meat
    14 | D        | Reached skill level 20 in Axes
    14 | D        | Reached skill level 10 in Throwing
    14 | D        | Reached XP level 2. HP: 4/41 MP: 1/1
    14 | D        | Reached XP level 3. HP: 4/48 MP: 2/2
    14 | D        | Reached XP level 4. HP: 5/56 MP: 3/3
    14 | D        | Reached XP level 5. HP: 6/62 MP: 4/4
    14 | D        | Reached XP level 6. HP: 7/70 MP: 5/5
    14 | D        | Reached XP level 7. HP: 7/77 MP: 6/6
    14 | D        | Reached XP level 8. HP: 8/83 MP: 7/7
    14 | D        | Reached XP level 9. HP: 9/90 MP: 8/8
    14 | D        | Reached XP level 10. HP: 9/97 MP: 9/9
    14 | D        | Reached XP level 11. HP: 10/104 MP: 10/10
    14 | D        | Killed a meat berserker
    14 | D        | Reached * piety under Makhleb
    14 | D        | Reached skill level 15 in Fighting
    14 | D        | Reached skill level 25 in Axes
    14 | D        | Reached XP level 12. HP: 11/119 MP: 11/11
    14 | D        | Reached XP level 13. HP: 12/126 MP: 12/12
    14 | D        | Annihilated by a meat berserker

Skill      XL: |  1  2  3  4  5  6  7  8  9 10 11 |
---------------+----------------------------------+-----
Fighting       | 12 15 | 15.0
Axes           | 20 25 | 25.6
Throwing       | 10 12 | 12.9
Armour         | 3 4 |  4.5
Dodging        | 18 22 | 22.7

Action                   |  1- 3 |  4- 6 |  7- 9 | 10-12 | 13-15 || total
-------------------------+-------+-------+-------+-------+-------++-------
Melee: Executioner's axe |     1 |       |       |       |       ||     1
